Map: Orbital Shipyard

Players

Flatline - Winner!

  • Race: Zerg Zerg
  • League: Platinum

LilDicky

  • Race: Terran Terran
  • League: Diamond

VOD

http://www.twitch.tv/tumescentpie

Description

Time

  • Played on: Nov. 24, 2015, 8:31 p.m.
  • Length: 19:09
Show
View Real Time Build Order
Export as new Build Order

Flatline Zerg - Winner!

Build Orders: 3 Hatch before Pool 

Get SALT Encoding   

  12  0:01  Drone  
  13  0:08  Drone  
  14  0:18  Overlord  
  14  0:22  Extractor  
  14  0:23  Drone  
  15  0:36  Drone  
  15  0:37  Drone  
  17  0:52  Hatchery  
  17  0:55  Drone  
  17  1:17  Hatchery  
  16  1:20  Drone  
  17  1:33  Spawning Pool  
  17  1:36  Drone  
  17  1:39  Extractor  
  16  1:49  Drone  
  16  1:51  Drone x2  
  19  2:02  Drone  
  19  2:04  Overlord  
  20  2:20  Queen x2  
  20  2:22  Zergling x2  
  25  2:26  Zergling x2  
  26  2:38  Queen  
  28  2:55  Drone x4  
  32  2:58  Drone x3  
  35  3:10  Zergling x6  
  38  3:13  Overlord  
  38  3:20  Roach Warren  
  38  3:26  Queen  
  39  3:38  Drone  
  39  3:39  Evolution Chamber, Drone x3  
  42  3:45  Drone x2  
  44  3:50  Drone  
  44  3:51  Drone x2  
  47  3:58  Overlord  
  47  4:05  Spore Crawler  
  46  4:12  Queen  
  46  4:13  Drone  
  46  4:14  Spore Crawler  
  48  4:23  Spore Crawler  
  47  4:36  Lair  
  47  4:42  Spore Crawler  
  46  4:54  Drone x5  
  46  4:55  Drone x4  
  46  4:58  Drone x3, Extractor  
  46  4:59  Drone, Extractor  
  57  5:01  Roach, Extractor  
  57  5:02  Overlord x3  
  58  5:25  Queen  
  59  5:39  Overseer  
  59  5:45  Drone x3  
  59  5:46  Drone x2  
  59  5:47  Drone  
  59  5:48  Drone, Roach x3  
  59  5:49  Roach x4  
  80  5:50  Drone  
  78  6:17  Glial Reconstitution  
  78  6:19  Drone x3  
  78  6:24  Evolution Chamber  
  78  6:25  Overlord x4  
  80  6:36  Hatchery  
  74  6:54  Zerg Missile Weapons Level 1, Zerg Ground Armor Level 1  
  74  6:55  Drone x2  
  74  6:56  Drone x8  
  74  6:57  Drone  
  74  6:59  Extractor x2  
  83  7:03  Overseer  
  83  7:05  Pneumatized Carapace  
  83  7:17  Overlord x5  
  83  7:36  Roach x5  
  83  7:37  Roach x8  
  97  7:42  Overseer  
  109  7:51  Hatchery  
  109  7:54  Roach x3  
  109  7:55  Roach x4  
  121  8:00  Ravager x3  
  121  8:01  Ravager x2  
  126  8:12  Overlord  
  126  8:13  Overlord  
  126  8:14  Drone x3  
  129  8:41  Ravager x7  
  133  8:42  Roach  
  133  8:45  Drone x6  
  144  9:02  Roach x5  
  156  9:03  Roach x3  
  156  9:07  Queen  
  156  9:08  Queen  
  156  9:09  Queen  
  164  9:10  Zerg Missile Weapons Level 2  
  164  9:12  Overlord x5  
  166  9:26  Hatchery  
  166  9:30  Roach x5  
  166  9:31  Roach x5  
  185  9:40  Roach x7  
  199  10:03  Ravager  
  199  10:06  Zerg Ground Armor Level 2  
  200  10:15  Infestation Pit  
  170  10:29  Roach x5  
  170  10:30  Roach x8  
  188  10:41  Roach x5  
  188  10:42  Roach  
  159  10:57  Roach  
  159  10:58  Roach x8  
  159  10:59  Roach x2  
  178  11:16  Ravager x5  
  183  11:19  Ravager  
  183  11:20  Ravager x2  
  183  11:24  Overlord  
  183  11:25  Overlord  
  186  11:53  Overseer x4  
  183  12:13  Hatchery  
  182  12:16  Hatchery  
  181  12:28  Spore Crawler  
  181  12:29  Spore Crawler  
  178  12:37  Ravager x4  
  178  12:38  Ravager x7  
  178  12:39  Ravager x2  
  192  12:47  Extractor  
  191  12:56  Spore Crawler  
  168  13:32  Roach x8  
  168  13:33  Roach x3  
  187  13:36  Ravager  
  186  13:48  Extractor  
  185  13:50  Spore Crawler, Extractor  
  185  13:54  Overseer  
  183  14:05  Overlord x2  
  177  14:12  Drone x7  
  177  14:13  Drone x4  
  177  14:14  Drone x2  
  186  14:21  Overseer x2  
  186  14:35  Spire  
  183  14:54  Roach  
  183  14:55  Roach x5  
  195  15:01  Hatchery  
  194  15:07  Hatchery  
  193  15:16  Extractor  
  193  15:17  Extractor  
  191  15:26  Hive, Hatchery  
  178  16:05  Roach x7  
  178  16:07  Ravager x2  
  178  16:08  Ravager x2  
  178  16:28  Roach  
  178  16:29  Roach x7  
  177  16:54  Corruptor x7  
  170  16:55  Corruptor x3  
  180  17:13  Corruptor x4, Roach x3  
  180  17:14  Corruptor x3, Roach, Zergling x2  
  153  17:33  Roach x7  
  153  17:34  Roach  
  149  17:37  Ravager x6  
  135  17:44  Corruptor x3  
  135  17:46  Zergling x10  
  135  17:47  Zergling x16  
  152  17:59  Zergling x2  
  152  18:00  Zergling x10  
  156  18:10  Drone x3  
  156  18:11  Drone x3  
  154  18:19  Zergling x2  
  152  18:20  Zergling x10  
  155  18:40  Extractor  
  153  18:45  Extractor  
Show
View Real Time Build Order
Export as new Build Order

LilDicky Terran 

Build Orders: Banshee Rush 

Get SALT Encoding   

  12  0:02  SCV  
  13  0:14  SCV  
  14  0:22  Supply Depot  
  14  0:26  SCV  
  15  0:44  SCV  
  15  0:45  Barracks  
  16  0:55  Refinery  
  16  0:58  SCV  
  17  1:11  SCV  
  18  1:23  SCV  
  19  1:33  Marine  
  19  1:35  Orbital Command  
  20  1:42  Command Center  
  20  1:57  Factory  
  20  1:59  Marine  
  21  2:01  SCV  
  21  2:07  Supply Depot  
  22  2:12  Refinery  
  22  2:15  SCV  
  23  2:28  Marine  
  24  2:40  Factory Tech Lab  
  24  2:43  Starport  
  24  2:47  SCV  
  25  2:56  Orbital Command  
  25  3:04  Supply Depot  
  25  3:05  Barracks Reactor  
  25  3:08  SCV  
  26  3:15  Widow Mine  
  28  3:20  SCV  
  28  3:23  SCV  
  28  3:26  Banshee  
  33  3:30  Cloaking Field  
  33  3:35  SCV  
  33  3:40  SCV  
  35  3:43  Marine x2  
  35  3:44  Widow Mine  
  39  3:49  SCV  
  40  3:59  SCV  
  40  4:02  SCV, Refinery  
  42  4:03  Refinery  
  42  4:05  Marine x2  
  42  4:09  Banshee  
  47  4:11  SCV  
  48  4:20  Widow Mine  
  48  4:21  SCV  
  48  4:22  Marine  
  52  4:24  Command Center  
  52  4:26  SCV  
  53  4:44  Marine  
  54  5:05  Command Center  
  54  5:06  SCV, Marine x2  
  57  5:08  Factory Reactor  
  57  5:13  Starport  
  57  5:14  Starport  
  57  5:42  Marine x2  
  57  5:46  Banshee  
  57  5:47  Orbital Command  
  62  5:53  SCV  
  62  5:54  SCV, Engineering Bay  
  64  5:58  Starport Reactor x2  
  64  6:05  SCV, Marine x2  
  65  6:11  SCV  
  65  6:12  Widow Mine x2  
  65  6:13  SCV  
  65  6:17  SCV  
  72  6:20  Orbital Command  
  72  6:23  Marine x2  
  72  6:25  SCV x2  
  75  6:26  Refinery, Missile Turret  
  75  6:29  Missile Turret  
  76  6:36  Refinery  
  76  6:40  Liberator x2  
  76  6:41  Liberator  
  76  6:55  SCV x3, Banshee  
  91  7:02  SCV  
  92  7:11  Supply Depot  
  92  7:14  Supply Depot  
  92  7:26  Liberator x2  
  92  7:27  Liberator  
  92  7:32  Marine x2  
  92  7:33  SCV x4  
  98  7:37  Supply Depot x2  
  104  7:50  Marine  
  108  7:52  Supply Depot, Banshee, Marine  
  108  7:54  SCV, Supply Depot  
  113  8:04  Liberator  
  113  8:08  Marine  
  113  8:09  Liberator  
  113  8:10  Marine  
  113  8:11  Missile Turret x2  
  115  8:14  Hi-Sec Auto Tracking, Missile Turret  
  115  8:15  SCV x3  
  115  8:17  SCV  
  126  8:27  SCV x3  
  126  8:29  SCV  
  126  8:33  Fusion Core  
  129  8:39  SCV x2  
  129  8:40  SCV  
  132  8:42  SCV  
  132  8:47  Armory  
  133  8:49  Armory  
  133  8:51  SCV  
  133  8:52  SCV x2  
  133  8:54  SCV  
  133  8:55  Liberator x3  
  137  9:03  SCV, Missile Turret x2, Marine x2  
  137  9:04  Hellion x2  
  137  9:05  SCV x2  
  146  9:11  SCV  
  156  9:19  Advanced Ballistics  
  156  9:22  SCV  
  155  9:38  Command Center  
  155  9:46  Missile Turret  
  155  9:47  Missile Turret x2, Marine  
  156  9:57  Supply Depot  
  156  9:58  Supply Depot  
  156  9:59  Supply Depot  
  156  10:01  Supply Depot  
  156  10:02  Supply Depot, Liberator x2  
  156  10:15  Widow Mine  
  156  10:17  Marine  
  156  10:18  Widow Mine  
  156  10:19  Medivac  
  156  10:20  Banshee  
  136  10:39  Liberator x2  
  128  10:44  Liberator x2  
  106  11:03  Banshee  
  112  11:11  Starport  
  112  11:12  Starport  
  112  11:13  Terran Vehicle And Ship Armor Level 1, Terran Ship Weapons Level 1  
  112  11:14  Behemoth Reactor  
  112  11:16  Hyperflight Rotors  
  112  11:17  SCV x2  
  114  11:21  Liberator  
  114  11:22  SCV  
  115  11:27  Supply Depot  
  115  11:28  Command Center, SCV  
  115  11:29  SCV  
  116  11:39  Supply Depot  
  119  11:41  Supply Depot  
  119  11:42  Hellion x2  
  121  12:14  Banshee, Starport Tech Lab x2  
  124  12:17  Weapon Refit  
  124  12:21  Liberator x3  
  124  12:23  Planetary Fortress  
  124  12:24  Liberator  
  124  12:36  Banshee x2  
  130  12:42  Refinery x2  
  142  13:02  Missile Turret  
  142  13:03  Missile Turret  
  140  13:09  Missile Turret  
  140  13:11  Missile Turret x2  
  128  13:21  Liberator  
  116  13:38  Battlecruiser x3  
  131  13:52  Planetary Fortress  
  128  14:10  SCV x2  
  130  14:42  Battlecruiser x2  
  130  14:43  Battlecruiser, Hellion x2  
  146  15:05  SCV  
  147  15:07  Hellion x2  
  147  15:10  Factory  
  147  15:12  Factory  
  151  15:18  Factory  
  151  15:24  Marine x2  
  153  15:32  Barracks x2  
  153  15:36  Barracks x2  
  153  15:37  Barracks  
  148  15:46  Battlecruiser  
  129  16:29  Banshee x2  
  129  16:30  Liberator  
  128  16:51  Battlecruiser  
  129  16:55  Liberator  
  126  17:12  Battlecruiser  
  83  17:42  Viking x2  
  87  17:45  Marine x4  
  87  17:48  Hellion x3  
  87  17:49  Hellion x2  
  86  18:00  SCV x2  
  73  18:16  Marine x5  
  73  18:17  Marine  
  79  18:20  SCV x2  
  79  18:23  Hellion x4  
  79  18:24  Hellion  
  91  18:34  Marine x6  
  81  18:44  Hellion x2  
Tags
 
Add a new tag
Caveats
  • Supply blocks, unpowered buildings, or Contaminate may cause inaccurate times.
  • Supply counts are checked every 10 seconds.